 Dungeon Crawl Stone Soup version 0.29-a0-1023-g6ae1a4a2c7 (webtiles) character file.

Game seed: 15857272321821992480

94 Ijustatesigmund the Digger (level 4, -2/27 HPs)
             Began as an Octopode Earth Elementalist on Aug 11, 2022.
             Slain by a ball python (3 damage)
             ... on level 2 of the Dungeon.
             The game lasted 00:04:06 (2752 turns).

Ijustatesigmund the Digger (OpEE)                   Turns: 2752, Time: 00:04:06

Health: -2/27      AC:  1    Str:  4 (7)  XL:     4   Next: 63%
Magic:  2/8        EV: 10    Int: 17 (19) God:
Gold:   64         SH:  0    Dex: 11 (12) Spells: 2/8 levels left

rFire   . . .      SeeInvis .   c - +1 dagger
rCold   . . .      Faith    .   (no shield)
rNeg    . . .      Spirit   .   (helmet restricted)
rPois   .          Reflect  .   (no amulet)
rElec   .          Harm     .   (no ring)
rCorr   .          Rampage  .   (no ring)
Will    .....                   (no ring)
Stlth   +++.......              (no ring)
HPRegen 0.09/turn               (no ring)
MPRegen 0.11/turn               (no ring)
                                (no ring)
                                (no ring)

@: attractive, constricted
A: almost no armour, amphibious, 8 rings, camouflage 1, gelatinous body 1,
(nimble swimmer 1), tentacles
a: no special abilities


You were on level 2 of the Dungeon.
You visited 1 branch of the dungeon, and saw 2 of its levels.

You collected 64 gold pieces.

Inventory:

Hand Weapons
 c - a +1 dagger (weapon)
Scrolls
 b - 2 scrolls of identify
 d - a scroll of vulnerability
Potions
 a - a potion of magic
 e - a potion of degeneration


   Skills:
 - Level 2.0 Dodging
 - Level 2.6 Stealth
 - Level 2.8 Spellcasting
 + Level 2.6 Conjurations
 - Level 1.0 Transmutations
 - Level 3.7 Earth Magic


You had 2 spell levels left.
You knew the following spells:

 Your Spells              Type           Power      Damage    Failure   Level
a - Sandblast             Erth           30%        2d9       4%          1
b - Stone Arrow           Conj/Erth      26%        3d8       14%         3
c - Passwall              Tmut/Erth      8%         N/A       11%         2

Your spell library contained the following spells:

 Spells                   Type           Power      Damage    Failure   Level
 Freeze                   Ice            8%         1d3       19%         1
 Frozen Ramparts          Ice            4%         1d1       47%         3
 Petrify                  Tmut/Erth      10%        N/A       56%         4
 Hailstorm                Conj/Ice       6%         3d4       71%         4


Dungeon Overview and Level Annotations

Branches:
Dungeon (2/15)

Altars:
Fedhas

Annotations:
D:2 Natasha


Innate Abilities, Weirdness & Mutations

You cannot wear most types of armour.
You are amphibious.
You can wear up to eight rings at the same time.
Your skin changes colour to match your surroundings (Stealth+).
Your rubbery body absorbs attacks. (AC +1, EV +1)
((You are camouflaged when in or above water. (Stealth+)))
You have tentacles for arms and can constrict up to eight enemies at once.


Message History

The blast of sand hits Natasha.
Natasha is severely wounded.
Natasha stares at you and mumbles some strange words.
The magic dart hits you! Natasha closely misses you.
You hit Natasha. Your grab misses Natasha. Your squeeze misses Natasha.
Natasha is severely wounded.
Natasha misses you.
You closely miss Natasha. You grab Natasha.
Natasha is severely wounded.
You constrict Natasha. Natasha barely misses you.
You hit Natasha.
You kill Natasha!
Natasha yowls pathetically as she dies!
Natasha, Servant of Life and Death comes into view.
It was a potion of degeneration.
There was something very wrong with that liquid.
You feel weakened.
You feel dopey.
You feel clumsy. Natasha closely misses you.
It was a potion of attraction.
You feel attractive to monsters.
The ball python hisses angrily.
Natasha claws you!
* * * LOW HITPOINT WARNING * * *
The ball python is attracted toward you.
As you read the scroll labelled ZOSHEQ QUXTOM, it crumbles to dust.
It is a scroll of identify.
d - a scroll of vulnerability Natasha misses you.
The ball python is attracted toward you.
As you read the scroll labelled MOS GOBROR UGG, it crumbles to dust.
It is a scroll of enchant weapon.
Your +0 dagger glows red for a moment.
The ball python bites you.
* * * LOW HITPOINT WARNING * * *
The ball python grabs you. The ball python constricts you.
* * * LOW HITPOINT WARNING * * *
Natasha barely misses you.
You hit Natasha. Your grab misses Natasha.
Natasha is lightly wounded.
The ball python bites you.
You die...

#......# #......#
###########......#
#................#
##.#########......###
...#########.........
..................####..
..###########.###.......
................@.###.h
######.#####.##.hS<...##
#...##..##...§....#
#....###.......#.
###..####......##.
#..†..†........... #
#...#####.........§.
####..## #.#......#..
..... #.#....).#


You could see Natasha and a ball python.

Vanquished Creatures
  Natasha (D:2)
  An adder (D:2)
  A worm (D:2)
  9 ball pythons
  9 bats
  5 endoplasms
  3 giant cockroaches (D:1)
  3 goblins
  6 hobgoblins
  6 jackals
  2 kobolds (D:1)
  3 quokkas
  2 frilled lizards (D:1)
  5 rats
56 creatures vanquished.

Notes
Turn   | Place    | Note
-------+----------+-------------------------------------------
     0 | D:1      | Ijustatesigmund the Octopode Earth Elementalist began the
                  | quest for the Orb.
     0 | D:1      | Reached XP level 1. HP: 11/11 MP: 3/3
   368 | D:1      | Reached XP level 2. HP: 9/17 MP: 0/5
   992 | D:1      | Reached XP level 3. HP: 21/21 MP: 4/6
  1115 | D:1      | Learned a level 3 spell: Stone Arrow
  1118 | D:1      | Learned a level 2 spell: Passwall
  1666 | D:1      | Found a faded altar of an unknown god.
  1666 | D:1      | Noticed a soul eater
  1728 | D:2      | Found a blossoming altar of Fedhas.
  2075 | D:2      | Reached skill level 1 in Conjurations
  2591 | D:2      | Reached XP level 4. HP: 27/27 MP: 5/8
  2702 | D:2      | Noticed Natasha
  2739 | D:2      | Killed Natasha
  2745 | D:2      | Noticed Natasha
  2751 | D:2      | HP: 1/27 [constriction (1)]
  2752 | D:2      | Slain by a ball python

Illustrated notes

Levels and vault maps discovered:
D:1:      minmay_arrival_stone_box, layout_basic,
          dreamdust_ecumenical_altar_sealed_demon
D:2:      layout_rooms, basic_altar, minmay_tromino_v7, uniq_natasha

Skill      XL: |  1  2  3  4 |
---------------+-------------+-----
Conjurations   | 1 2 |  2.6
Dodging        | |  2.0
Stealth        | |  2.6
Spellcasting   | |  2.8
Transmutations | |  1.0
Earth Magic    | |  3.7

Action                   |  1- 3 |  4- 6 || total
-------------------------+-------+-------++-------
Melee: Unarmed           |     4 |       ||     4
       Constrict         |     9 |     2 ||    11
       Tentacles         |     5 |     1 ||     6
       Dagger            |    26 |     7 ||    33
 Cast: Sandblast         |    59 |     7 ||    66
       Stone Arrow       |       |     2 ||     2
  Use: Scroll            |       |     2 ||     2
       Potion            |       |     2 ||     2
Armor: Skin              |     2 |     5 ||     7
Dodge: Dodged            |    49 |    17 ||    66

Table legend: (Time is in decaauts)
 A = Elapsed time spent in this place.
 B = Non-inter-level travel time spent in this place.
 C = Inter-level travel time spent in this place.
 D = Time resting spent in this place.
 E = Time spent auto-exploring this place.
 F = Levels seen in this place.
 G = Mean time per level.
                   A        B        C        D        E       F      G
               +--------+--------+--------+--------+--------+-----+--------+
         Total |   2817 |   2766 |     51 |   1425 |   1022 |   2 | 1408.5 |
       Dungeon |   2817 |   2766 |     51 |   1425 |   1022 |   2 | 1408.5 |
               +--------+--------+--------+--------+--------+-----+--------+

Top non-repeatable levels by time:
     D:1: 1758 daAuts
     D:2: 1058 daAuts
